 Dungeon Crawl Stone Soup version 0.21-a0-401-g0b6bec4 (webtiles) character file.

35 4thArraOfDagon the Vexing (level 3, -3/26 HPs)
             Began as a Barachi Arcane Marksman on Oct 25, 2017.
             Slain by Jessica
             ... wielding a +0 dagger
              (4 damage)
             ... on level 2 of the Dungeon.
             The game lasted 00:04:21 (521 turns).

4thArraOfDagon the Vexing (Barachi Arcane Marksman)  Turns: 521, Time: 00:04:22

Health: -3/26      AC:  3    Str: 11    XL:     3   Next: 33%
Magic:  4/4        EV: 12    Int: 14    God:
Gold:   94         SH:  3    Dex: 12    Spells: 3/4 levels left

rFire    . . .     SeeInvis +   e - +1 spear
rCold    . . .     Gourm    .   (no shield)
rNeg     . . .     Faith    .   a - +0 robe
rPois    .         Spirit   .   (no helmet)
rElec    .         Reflect  +   (no cloak)
rCorr    .         Harm     .   (no gloves)
MR       .....                  h - +0 pair of boots
Stlth    +.........             p - +3 amulet of reflection
HPRegen  0.08/turn              i - ring of see invisible (curse)
MPRegen  0.09/turn              (no ring)

@: slow
A: +LOS, swims, slowness 1, strong legs 1
a: Hop


You were on level 2 of the Dungeon.
You were not hungry.

You visited 1 branch of the dungeon, and saw 2 of its levels.

You collected 94 gold pieces.

Inventory:

Hand Weapons
 e - a +1 spear (weapon)
Armour
 a - a +0 robe (worn)
 h - a +0 pair of boots (worn)
Jewellery
 i - a cursed ring of see invisible (left hand)
 p - a +3 amulet of reflection (around neck)
Scrolls
 g - a scroll of teleportation {unknown}
Books
 b - a book of Debilitation

   Spells                             Type                      Level
   a - Corona                         Hexes                        1
   b - Slow                           Hexes                        2
   c - Inner Flame                    Hexes/Fire                   3
   d - Portal Projectile              Hexes/Translocation          3
   e - Cause Fear                     Hexes                        4
   f - Leda's Liquefaction            Hexes/Earth                  4
Comestibles
 f - a bread ration
 l - 2 royal jellies
 m - 2 meat rations


   Skills:
 + Level 1.4 Fighting
 - Level 0.9 Polearms
 * Level 2.5 Throwing
 + Level 2.4 Dodging
 - Level 1.1 Spellcasting
 - Level 3.9 Hexes


You had 3 spell levels left.
You knew the following spells:

 Your Spells              Type           Power        Failure   Level  Hunger
a - Corona                Hex            ##.....      5%          1    ##.....


Dungeon Overview and Level Annotations

Branches:
Dungeon (2/15)

Altars:

Annotations:
D:2 Jessica, Terence


Innate Abilities, Weirdness & Mutations

Shadows flee at your approach. (+LOS)
You can swim through water.
You cover ground slowly.
You can hop short distances.


Message History

Jessica is severely wounded.
Jessica hits you with a dagger.
* * * LOW HITPOINT WARNING * * *
Unknown command.
Unknown command.
Unknown command.
Unknown command.
You barely miss Jessica.
Jessica is severely wounded.
You block Jessica's attack. Jessica hits you with a dagger.
* * * LOW HITPOINT WARNING * * *
Unknown command.
Unknown command.
Unknown command.
Unknown command.
Unknown command.
As you read the scroll labeled VEUTACS NUINN, it crumbles to dust.
It is a scroll of enchant weapon.
Your +0 spear glows red for a moment.
Jessica hits you with a dagger.
You die...

.### . [..# ##### .. ...#
#...# .... #..# ##..##
####..... ##..####
#...###........ #(.....###
##......##... #
#........#####..>#...# .###
#......#.((###.......#
...###.<.......@@<[.#.....#
##w.........###.w...###...##
@@..........# #....##
#....### ###......@..#
#.##..# #...<..#
....##......#...###.#
#..##..# .#####....w...###
..##... #.# @.####.......##
#.## .# ...†)..#.##..# .. .
.#####...##.... ##. ..


You could see a worm and Jessica.

Vanquished Creatures
  An adder (D:2)
  2 dart slugs
  A leopard gecko (D:2)
  5 bats (D:1)
  A giant cockroach (D:1)
  A goblin (D:1)
  A hobgoblin (D:1)
  A quokka (D:2)
  2 frilled lizards (D:1)
  3 kobolds
  2 rats
20 creatures vanquished.

Notes
Turn   | Place    | Note
-------+----------+-------------------------------------------
     0 | D:1      | 4thArraOfDagon the Barachi Arcane Marksman began the quest for the Orb.
     0 | D:1      | Reached XP level 1. HP: 15/15 MP: 2/2
   128 | D:1      | Reached XP level 2. HP: 18/21 MP: 3/3
   158 | D:2      | Noticed Terence
   332 | D:2      | Noticed Jessica
   358 | D:2      | Reached XP level 3. HP: 26/26 MP: 4/4
   520 | D:2      | HP: 1/26 [Jessica/dagger (1)]
   521 | D:2      | Slain by Jessica

Vault maps used:
D:1:      giann_bridges
D:2:      uniq_terence, uniq_jessica

Action                   || total
-------------------------++-------
Melee: Spear             ||    80
Throw: Javelin           ||    18
       Throwing net      ||     2
 Abil: Hop               ||     1
  Use: Potion            ||     3
       Scroll            ||     4
Armor: Robe              ||    15
       Skin              ||    15
Dodge: Dodged            ||    27
Block: Other             ||     1

Table legend:
 A = Spawn XP
 B = Non-spawn XP
 C = Spawn XP percentage of total XP
 D = Spawn monster count
 E = Non-spawn monster count
 F = Spawn count percentage of total count
 G = Total turns spent on level
                    A         B        C        D         E        F      G
               +---------+---------+-------+---------+---------+-------+---------
         Total |       0 |      50 |   0.0 |       0 |      20 |   0.0 |   521
               +---------+---------+-------+---------+---------+-------+---------
           D:1 |       0 |      25 |   0.0 |       0 |      14 |   0.0 |   373
           D:2 |       0 |      25 |   0.0 |       0 |       6 |   0.0 |   148
               +---------+---------+-------+---------+---------+-------+---------
